AoeStats
← 海旋风

Arena

504731599Analyzed
4v4 RM · 26d ago on Sep 6, 2026· 75m 9s· 8 players
Game mode
Random Map
Map size
Large (8 player)
Population
200
Speed
Normal
Resources
Standard
Victory
Conquest
Starting age
Dark Age
Ending age
Imperial Age
RankedLock teamsTeams togetherTeam positionsShared explorationLock speedFull tech treeHidden civsTurbo modeCheats
Victory
Defeat
🇫🇷 Khmer · France
957
+13
🇪🇸 Lithuanians · Spain
949
+13
🇨🇿 Britons · Czechia
938
+41
🇨🇿 Bohemians · Czechia
679
+25
🇹🇷 Celts · Türkiye
923
-18
🇨🇳 Italians · China
874
-16
🇪🇸 Muisca · Spain
873
-16
🇨🇳 Franks · China
844
-15
oduncu
11:40 Feudal Age
12:41 Double-Bit Axe
12:39 Horse Collar
15:45 Castle Age
16:53 Bow Saw
18:01 Wheelbarrow
18:48 Heavy Plow
25:30 Hand Cart
25:04 Loom
28:18 Imperial Age
28:30 Ballistics
28:22 Padded Archer Armor
28:12 Fletching
29:37 Siege Engineers
29:36 Capped Ram
31:40 Chemistry
30:45 Elite Woad Raider
31:47 Conscription
31:22 Gold Mining
31:22 Stone Mining
31:29 Siege Ram
33:03 Forging
32:49 Bodkin Arrow
33:09 Leather Archer Armor
34:48 Iron Casting
34:55 Pikeman
35:22 Arson
36:48 Furor Celtica
37:49 Halberdier
45:14 Onager
48:19 Murder Holes
49:34 Blast Furnace
49:05 Ring Archer Armor
48:35 Scale Mail Armor
52:35 Chain Mail Armor
56:36 Fortified Wall
60:24 Gold Shaft Mining
60:24 Stone Shaft Mining
60:15 Masonry
59:52 Siege Onager
LLHKHAIHDIUA
9:42 Feudal Age
10:34 Double-Bit Axe
10:55 Horse Collar
16:45 Castle Age
14:59 Loom
18:41 Bow Saw
19:56 Fletching
24:03 Wheelbarrow
24:28 Gold Mining
30:41 Imperial Age
28:40 Padded Archer Armor
29:07 Scale Mail Armor
29:18 Heavy Plow
29:42 Stone Mining
30:27 Ballistics
30:27 Bodkin Arrow
31:36 Hand Cart
31:40 Town Watch
32:14 Leather Archer Armor
33:51 Bracer
35:25 Two-Man Saw
39:44 Ring Archer Armor
40:30 Crop Rotation
40:51 Squires
41:04 Forging
41:09 Chain Mail Armor
42:19 Stone Shaft Mining
42:18 Arson
43:11 Iron Casting
42:36 Elite Genoese Crossbowman
43:40 Silk Road
43:41 Conscription
44:31 Chemistry
43:12 Treadmill Crane
43:43 Fortified Wall
46:13 Plate Mail Armor
46:44 Blast Furnace
45:52 Caravan
46:03 Guilds
52:33 Scale Barding Armor
60:46 Elite Skirmisher
61:45 Capped Ram
Josmalaga3
8:20 Loom
11:55 Feudal Age
12:52 Double-Bit Axe
12:53 Horse Collar
16:36 Castle Age
14:33 Stone Mining
14:52 Champi Runner
18:01 Heavy Plow
18:15 Bow Saw
20:57 Fervor
25:04 Champi Warrior
25:45 Squires
28:12 Wheelbarrow
28:09 Gold Mining
29:21 Stone Shaft Mining
30:02 Gold Shaft Mining
29:16 Town Watch
29:32 Murder Holes
29:19 Treadmill Crane
30:00 Ballistics
30:34 Scale Mail Armor
30:45 Forging
31:03 Hand Cart
31:24 Herbalism
33:23 Chain Mail Armor
36:56 Pikeman
40:01 Iron Casting
42:33 Imperial Age
41:06 Town Patrol
41:46 Padded Archer Armor
42:57 Leather Archer Armor
42:34 Fletching
42:58 Masonry
43:23 Redemption
43:41 Illumination
44:34 Two-Man Saw
44:07 Crop Rotation
44:16 Coinage
43:55 Elite Temple Guard
45:24 Siege Engineers
46:22 Chemistry
45:16 Elite Champi Warrior
47:05 Plate Mail Armor
46:31 Bodkin Arrow
47:45 Elite Guecha Warrior
49:03 Conscription
48:48 Huaracas
51:15 Bracer
60:41 Banking
61:50 Block Printing
61:37 Devotion
61:59 Sanctity
62:00 Heresy
62:16 Theocracy
61:37 Herbal Medicine
67:01 Guard Tower
66:41 Onager
66:44 Heavy Scorpion
海旋风
7:51 Loom
12:07 Feudal Age
12:32 Feudal Age
18:17 Castle Age
17:25 Double-Bit Axe
17:37 Gold Mining
19:19 Wheelbarrow
19:19 Bow Saw
20:09 Town Watch
21:36 Hand Cart
22:44 Gold Shaft Mining
30:26 Imperial Age
31:29 Forging
40:38 Town Patrol
41:23 Husbandry
40:45 Light Cavalry
47:46 Town Patrol
65:44 Cavalier
69:56 Iron Casting
MightyOwl
6:53 Loom
10:20 Feudal Age
22:25 Castle Age
20:44 Stone Mining
21:16 Double-Bit Axe
23:46 Padded Archer Armor
23:37 Fletching
24:31 Gold Mining
25:56 Wheelbarrow
25:07 Town Watch
28:08 Leather Archer Armor
29:28 Ballistics
29:17 Murder Holes
30:11 Gold Shaft Mining
35:50 Imperial Age
35:24 Bodkin Arrow
37:39 Chemistry
36:42 Bracer
39:36 Ring Archer Armor
43:45 Hand Cart
43:00 Elite Longbowman
49:23 Heated Shot
49:44 Fortified Wall
49:40 Siege Engineers
49:45 Masonry
50:57 Town Patrol
51:37 Conscription
55:30 Architecture
56:17 Scale Mail Armor
56:28 Forging
58:45 Chain Mail Armor
59:05 Iron Casting
62:06 Elite Skirmisher
63:21 Pikeman
64:02 Squires
64:25 Bow Saw
64:52 Plate Mail Armor
65:23 Blast Furnace
LokillO!
0:38 Loom
11:19 Feudal Age
12:32 Double-Bit Axe
12:49 Stone Mining
15:23 Castle Age
13:11 Loom
14:30 Scale Barding Armor
15:23 Horse Collar
16:33 Heavy Plow
17:26 Fervor
17:12 Town Watch
21:25 Wheelbarrow
21:07 Bow Saw
22:57 Hill Forts
25:02 Gold Mining
25:47 Stone Shaft Mining
29:29 Imperial Age
27:44 Husbandry
28:34 Bloodlines
29:10 Forging
30:21 Chain Barding Armor
29:53 Cavalier
30:25 Fletching
31:39 Iron Casting
32:53 Redemption
34:52 Plate Barding Armor
34:13 Bodkin Arrow
36:18 Hand Cart
36:34 Crop Rotation
37:06 Paladin
39:17 Bracer
39:50 Paladin
46:19 Hoardings
46:57 Conscription
53:24 Caravan
54:38 Two-Man Saw
60:14 Town Patrol
60:37 Ballistics
60:13 Murder Holes
60:29 Masonry
61:27 Chemistry
60:12 Light Cavalry
61:34 Winged Hussar
62:44 Tower Shields
63:30 Padded Archer Armor
62:52 Elite Skirmisher
64:54 Thumb Ring
65:09 Treadmill Crane
65:59 Architecture
71:14 Leather Archer Armor
orod
12:40 Feudal Age
15:44 Loom
18:02 Castle Age
17:06 Double-Bit Axe
17:03 Horse Collar
17:51 Gold Mining
18:53 Bloodlines
19:00 Scale Barding Armor
23:31 Fletching
24:44 Heavy Plow
26:46 Wheelbarrow
27:30 Forging
27:48 Hand Cart
33:14 Imperial Age
32:29 Fortified Wall
32:42 Stone Mining
33:14 Forging
33:14 Husbandry
34:30 Tusk Swords
39:20 Chain Barding Armor
45:46 Light Cavalry
49:16 Caravan
50:47 Gold Shaft Mining
51:12 Elite Battle Elephant
53:04 Town Watch
54:27 Conscription
54:09 Double Crossbow
55:27 Plate Barding Armor
55:44 Ballistics
56:41 Iron Casting
56:03 Bodkin Arrow
56:10 Padded Archer Armor
56:11 Heavy Scorpion
57:05 Bracer
58:35 Chemistry
63:44 Siege Engineers
63:37 Murder Holes
66:18 Blast Furnace
65:35 Leather Archer Armor
65:34 Masonry
67:17 Town Patrol
67:56 Ring Archer Armor
71:13 Elite Ballista Elephant
Flachyc
12:01 Feudal Age
12:43 Double-Bit Axe
12:41 Horse Collar
18:19 Castle Age
19:04 Wheelbarrow
19:24 Bow Saw
19:00 Pikeman
23:58 Squires
24:02 Scale Mail Armor
24:51 Heavy Plow
25:57 Forging
27:48 Iron Casting
27:21 Scale Barding Armor
27:41 Loom
33:15 Imperial Age
31:09 Chain Mail Armor
31:41 Arson
33:16 Halberdier
34:59 Blast Furnace
34:29 Plate Mail Armor
36:10 Ballistics
36:58 Chemistry
37:06 Two-Man Saw
36:16 Elite Hussite Wagon
37:17 Conscription
40:04 Chain Barding Armor
39:46 Padded Archer Armor
39:37 Fletching
41:35 Houfnice
46:55 Hand Cart
54:58 Bodkin Arrow
55:19 Leather Archer Armor
55:12 Wagenburg Tactics
56:04 Bracer
Connection lost

Rejoining the realm…

Still unreachable

The connection could not be restored.

Session expired

The server has moved on; the page needs a fresh start.